 Dungeon Crawl Stone Soup version 0.30-a0-305-g026cb31310 (webtiles) character file.

Game seed: 10230470876894163364

1004 Iusername the Trooper (level 8, 0/71 HPs)
             Began as a Hill Orc Fighter on Oct 21, 2022.
             Was an Initiate of Gozag.
             Slain by a gnoll sergeant
             ... wielding a +0 vampiric trident
              (11 damage)
             ... on level 5 of the Dungeon.
             The game lasted 00:08:58 (5822 turns).

Iusername the Trooper (Hill Orc Fighter)            Turns: 5822, Time: 00:08:59

Health: 0/71       AC:  5    Str: 24 (25) XL:     8   Next: 20%
Magic:  8/8        EV:  9    Int:  6 (7)  God:    Gozag
Gold:   178        SH:  4    Dex:  7 (9)  Spells: 7/7 levels left

rFire   + . .      SeeInvis .    a - +0 war axe
rCold   + . .      Faith    .    c - +0 buckler
rNeg    . . .      Spirit   .    b - +1 scale mail
rPois   +          Reflect  .    (no helmet)
rElec   +          Harm     .    (no cloak)
rCorr   +          Rampage  .    (no gloves)
Will    .....      Clarity  +    (no boots)
Stlth   ..........               (no amulet)
HPRegen 0.31/turn                (no ring)
MPRegen 0.11/turn                (no ring)

@: resistant, gold aura
A: clarity, deformed body, strong 1
a: Renounce Religion, Potion Petition, Call Merchant, Bribe Branch


You were on level 5 of the Dungeon.
You worshipped Gozag.
Gozag was aware of your devotion.
You visited 2 branches of the dungeon, and saw 6 of its levels.

You collected 237 gold pieces.
You paid 59 gold pieces to Gozag.

Inventory:

Hand Weapons
 a - a +0 war axe (weapon)
Armour
 b - a +1 scale mail (worn)
 c - a +0 buckler (worn)
Jewellery
 h - an amulet of regeneration
 t - the ring "Beafel" {Fly Int+2}
   (You found it on level 3 of the Dungeon)

   [ring of flight]

   Int:       It affects your intelligence (+2).
   Fly:       It grants you flight.
 u - a +4 ring of protection
Wands
 o - a wand of roots (6)
Scrolls
 d - 2 scrolls of identify {unknown}
 g - a scroll of immolation
 i - a scroll of torment {unknown}
 k - 2 scrolls of poison {unknown}
 l - a scroll of summoning {unknown}
 m - a scroll of teleportation {unknown}
 n - a scroll of brand weapon {unknown}
 q - a scroll of amnesia {unknown}
 v - a scroll of fear {unknown}
 w - a scroll of silence {unknown}
 x - a scroll of blinking {unknown}
 y - a scroll of enchant armour
Potions
 e - a potion of lignification {unknown}
 f - a potion of attraction {unknown}
 j - a potion of flight
 p - 3 potions of mutation
 A - a potion of magic {unknown}


   Skills:
 + Level 6.6 Fighting
 + Level 6.5 Axes
 + Level 6.0 Armour
 + Level 6.0 Shields


You had 7 spell levels left.
You didn't know any spells.
Your spell library contained the following spells:

 Spells                   Type           Power      Damage    Failure   Level
 Magic Dart               Conj           0%         1d3       82%         1
 Shock                    Conj/Air       0%         1d3       82%         1
 Call Imp                 Summ           0%         N/A       91%         2
 Mephitic Cloud           Conj/Pois/Air  0%         N/A       99%         3
 Swiftness                Air            0%         N/A       99%         3
 Airstrike                Air            0%         2d(0-16)  100%        4
 Haunt                    Necr/Summ      0%         N/A       100%        7
 Infestation              Necr           0%         N/A       100%        8
 Animate Dead             Necr           Unusable   N/A       N/A         4

Dungeon Overview and Level Annotations

Branches:
Dungeon (5/15)             Temple (1/1) D:5

Altars:
Cheibriados
Dithmenos
Elyvilon
Gozag
Hepliaklqana
Kikubaaqudgha
Makhleb
Nemelex Xobeh
Okawaru
Ru
Sif Muna
Vehumet
Xom
Yredelemnul
Zin
The Shining One

Shops:
D:2 (

Annotations:
D:4 1 runed translucent door, baller8008's ghost, amateur FeEn


Innate Abilities, Weirdness & Mutations

You possess an exceptional clarity of mind.
Armour fits poorly on your strangely shaped body.
Your muscles are strong. (Str +4, Int/Dex -1)


Message History

You block the gnoll's attack. The gnoll misses you.
You barely miss the gnoll. You closely miss the gnoll.
You slash the gnoll sergeant!
The gnoll sergeant is distracted by your dazzling golden aura.
The gnoll closely misses you. The gnoll barely misses you.
The gnoll sergeant shouts!
You hit the gnoll but do no damage. You barely miss the gnoll sergeant.
The gnoll sergeant is no longer distracted by gold.
You slash the gnoll! The gnoll sergeant closely misses you.
You block the gnoll's attack. The gnoll hits you with a +0 halberd!
You closely miss the gnoll. The gnoll sergeant blocks your attack.
You slash the gnoll!
You kill the gnoll!
The gnoll sergeant hits you with a +0 vampiric trident.
The gnoll closely misses you.
You hit the gnoll but do no damage. The gnoll sergeant blocks your attack.
The gnoll sergeant hits you with a +0 vampiric trident.
The gnoll barely misses you.
The gnoll sergeant completely misses you.
The gnoll hits you with a +0 halberd!
You hit the gnoll.
The gnoll is moderately wounded.
You hit the gnoll sergeant but do no damage.
The gnoll sergeant hits you with a +0 vampiric trident!
The gnoll barely misses you.
You slash the gnoll!
You kill the gnoll!
You hit the gnoll sergeant.
The gnoll sergeant hits you with a +0 vampiric trident.
The gnoll sergeant draws strength from your wounds!
The gnoll sergeant barely misses you.
Things that are here:
7 gold pieces; a +0 halberd The gnoll sergeant hits you with a +0 vampiric trident!
* * * LOW HITPOINT WARNING * * *
You barely miss the gnoll sergeant.
The gnoll sergeant is moderately wounded.
The gnoll sergeant hits you with a +0 vampiric trident!
You die...
Your body crumbles into a pile of gold.

. #
#...........#.....#####
....................#
#....................
...........####....
###.......### >..
#.......$.### #
##....#...#.##.##
#......$$g......
##.##...@...$... #..
##..###..... ## .....#
...## #....## ...#
#....# ..# ###.. .##
... #..


You could see a gnoll sergeant.

Vanquished Creatures
  Grinder (D:3)
  An ice beast (D:5)
  A centaur (D:5)
  4 scorpions
  A jelly (D:4)
  2 hounds
  5 orc priests
  2 iguanas
  2 orc wizards (D:5)
  7 gnolls
  4 adders
  A shadow imp (D:5)
  A white imp (D:5)
  An ufetubus (D:5)
  3 worms (D:2)
  2 dart slugs
  20 orcs
  2 bats
  5 endoplasms
  8 giant cockroaches
  12 goblins
  6 hobgoblins
  5 jackals (D:2)
  3 quokkas
  7 ball pythons
  A frilled lizard (D:1)
  12 kobolds
  6 rats
125 creatures vanquished.

Vanquished Creatures (others)
  3 fungi (D:2)
3 creatures vanquished.

Grand Total: 128 creatures vanquished

Notes
Turn   | Place    | Note
-------+----------+-------------------------------------------
     0 | D:1      | Iusername the Hill Orc Fighter began the quest for the Orb.
     0 | D:1      | Reached XP level 1. HP: 19/19 MP: 1/1
   106 | D:1      | Reached XP level 2. HP: 26/27 MP: 2/2
   401 | D:1      | Reached XP level 3. HP: 28/33 MP: 3/3
  1079 | D:2      | Reached XP level 4. HP: 40/40 MP: 4/4
  1478 | D:2      | Found Qazisa Cuhe's Weapon Shop.
  1842 | D:2      | Reached XP level 5. HP: 47/47 MP: 5/5
  2143 | D:3      | Noticed Grinder
  2155 | D:3      | Paralysed by Grinder for 4 turns
  2160 | D:3      | Killed Grinder
  2914 | D:3      | Identified the ring "Beafel" {Fly Int+2}
  3071 | D:4      | Found a runed translucent door.
  3071 | D:4      | Noticed baller8008's ghost (amateur FeEn)
  3110 | D:4      | Reached skill level 5 in Fighting
  3110 | D:4      | Reached XP level 6. HP: 34/56 MP: 6/6
  3775 | D:4      | Reached skill level 5 in Axes
  3862 | D:5      | Entered Level 5 of the Dungeon
  3873 | D:5      | Reached skill level 5 in Armour
  3873 | D:5      | Reached skill level 5 in Shields
  3873 | D:5      | Reached XP level 7. HP: 51/61 MP: 7/7
  4333 | D:5      | Gained mutation: Armour fits poorly on your strangely
                  | shaped body. [potion of mutation]
  4333 | D:5      | Gained mutation: Your muscles are strong. (Str +4, Int/Dex
                  | -1) [potion of mutation]
  4333 | D:5      | Gained mutation: You possess an exceptional clarity of
                  | mind. [potion of mutation]
  4996 | D:5      | Found a staircase to the Ecumenical Temple.
  5172 | Temple   | Entered the Ecumenical Temple
  5219 | Temple   | Became a worshipper of Gozag Ym Sagoz the Greedy
  5244 | D:5      | Found a shadowy altar of Dithmenos.
  5254 | D:5      | Reached XP level 8. HP: 58/71 MP: 8/8
  5768 | D:5      | Found a glowing golden altar of the Shining One.
  5822 | D:5      | Slain by a gnoll sergeant

Illustrated notes

Levels and vault maps discovered:
D:1:      wander_arrival_estate, layout_basic
D:2:      layout_basic, serial_shops, nicolae_shop_competitors_out_of_business,
          hangedman_decor_growths, minmay_shallow_snake_nest
D:3:      layout_rooms, minmay_quadrilaterals, uniq_grinder
D:4:      layout_basic, hellmonk_ghost_happy_afterlife
D:5:      layout_cave_pools, mainiacjoe_overflow_six_doors_small,
          nicolae_tso_swordbearing_angel, minmay_temple_entry_statues_pillars
Temple:   nicolae_temple_bog_church

Skill      XL: |  1  2  3  4  5  6  7  8 |
---------------+-------------------------+-----
Axes           | 3 4 5 6 |  6.5
Fighting       | 4 5 6 |  6.6
Shields        | 4 5 6 |  6.0
Armour         | 4 5 6 |  6.0

Action                   |  1- 3 |  4- 6 |  7- 9 || total
-------------------------+-------+-------+-------++-------
Melee: War axe           |   106 |   160 |    98 ||   364
  Use: Potion            |       |     3 |     8 ||    11
       Scroll            |       |     3 |       ||     3
Armor: Scale mail        |    33 |    90 |    45 ||   168
Dodge: Dodged            |    55 |    82 |    70 ||   207
Block: Buckler           |    23 |    33 |    34 ||    90

Table legend: (Time is in decaauts)
 A = Elapsed time spent in this place.
 B = Non-inter-level travel time spent in this place.
 C = Inter-level travel time spent in this place.
 D = Time resting spent in this place.
 E = Time spent auto-exploring this place.
 F = Levels seen in this place.
 G = Mean time per level.
                   A        B        C        D        E       F      G
               +--------+--------+--------+--------+--------+-----+--------+
         Total |   5958 |   5883 |     75 |   2894 |   2076 |   6 |  993.0 |
       Dungeon |   5896 |   5832 |     64 |   2894 |   2041 |   5 | 1179.2 |
        Temple |     61 |     50 |     11 |      0 |     35 |   1 |   61.0 |
               +--------+--------+--------+--------+--------+-----+--------+

Top non-repeatable levels by time:
     D:5: 1943 daAuts
     D:2: 1551 daAuts
     D:3: 995 daAuts
     D:4: 873 daAuts
     D:1: 533 daAuts
  Temple: 61 daAuts
